 Dungeon Sprint DCSS version 0.30-a0-469-g84de5afbc5 (webtiles) character file.

Game seed: 6846170045863814407

800000 NinjaNoafa the Shield-Bearer (level 1, -48/16 (18) HPs)
             Began as a Formicid Fighter on Dec 19, 2022.
             Was an Initiate of Makhleb.
             Annihilated by a meat berserker
             ... wielding a +9 battleaxe
              (64 damage)
             ... in the Dungeon (Sprint VIII: "Arena of Blood").
             The game lasted 00:00:17 (8 turns).

NinjaNoafa the Shield-Bearer (Formicid Fighter)        Turns: 8, Time: 00:00:17

HP:   -48/16 (18)   AC:  6    Str: 20    XL:     1   Next: 0%
MP:   1/1           EV:  9    Int:  7    God:    Makhleb [......]
Gold: 0             SH:  5    Dex: 13    Spells: 0/0 levels left

rFire   . . .      SeeInvis +    h - +∞ Axe of Woe
rCold   . . .      Faith    .    c - +0 buckler
rNeg    . . .      Spirit   .    b - +0 scale mail
rPois   .          Reflect  .    (helmet unavailable)
rElec   .          Harm     .    (no cloak)
rCorr   .          Rampage  .    (no gloves)
Will    .....                    (no boots)
Stlth   ..........               (no amulet)
HPRegen 0.22/turn                (no ring)
MPRegen 0.07/turn                (no ring)

@: heavily drained
A: permanent stasis, dig shafts and tunnels, antennae 3, four strong arms
a: Dig, Renounce Religion


You were in the Dungeon.
You worshipped Makhleb.
Makhleb was noncommittal.
You visited 1 branch

Inventory:

Hand Weapons
 a - a +0 war axe
 h - the +∞ Axe of Woe (weapon)
   (You found it in the Dungeon)
Armour
 b - a +0 scale mail (worn)
 c - a +0 buckler (worn)
Potions
 d - a potion of might
 e - a potion of curing
 f - a potion of heal wounds
 g - 2 potions of magic


   Skills:
 * Level 3.2 Fighting
 + Level 2.0 Axes
 + Level 3.2 Armour
 + Level 0.0 Dodging
 + Level 4.0 Shields
 + Level 0.0 Invocations


You couldn't memorise any spells.
You didn't know any spells.
Your spell library was empty.

Dungeon Overview and Level Annotations

Branches:
Dungeon (1/1)

Altars:
Makhleb


Innate Abilities, Weirdness & Mutations

You cannot be hasted, slowed, berserked, paralysed or teleported.
You can dig through walls and to a lower floor.
You have a pair of large antennae on your head. (SInv)
Your four strong arms can wield two-handed weapons with a shield.


Message History

h - the +∞ Axe of Woe (weapon)
You hear a shout! x7
A meat berserker comes into view. It is wielding a +9 battleaxe.
You hear a shout! x4
You hear a shout! x7
There is a burning altar of Makhleb here.
You kneel at the altar of Makhleb.
Makhleb welcomes you!
You hear a shout! x8
A meat berserker comes into view. It is wielding a +9 battleaxe.
The meat berserker shouts!
You hear a shout!
A meat berserker comes into view. It is wielding a +9 battleaxe.
You hear a shout! x8
A bag of meat comes into view. It is wielding a +9 war axe.
The meat berserker moves out of view.
Okay, then.
You extend your mandibles.
You dig through the rock wall.
You feel drained. 3 bags of meat come into view.
The meat berserker appears out of thin air!
A meat berserker comes into view. It is wielding a +9 battleaxe.
The bag of meat shouts! x3; The meat berserker shouts!
You hear a shout! x4
A meat berserker comes into view. It is wielding a +9 battleaxe.
You hear a shout! x5
The meat berserker rages.
You hear a shout!
The bag of meat moves out of view.
A meat berserker comes into view. It is wielding a +9 battleaxe.
You retract your mandibles.
You hear a shout! x6
The meat berserker moves out of view.
There is a burning altar of Makhleb here.
You slash the meat berserker!
You chop the meat berserker into pieces.
You kill the meat berserker!
Makhleb accepts your kill.
You hear a shout! x7
The meat berserker hits you with a +9 battleaxe!!!
Ouch! That really hurt!
You die...

O....... .........
. #. {....# .. #..
....# ... .###..
O..###....
......###.........
......_...o......
#.....O.......
#_.<.@#.......
#.....#{O....#
......_.....{{...
......###....ooO..
.###.. ...###...O
{{#.. ...# .... #.
...# ... .. .....


You could see 2 meat berserkers and a bag of meat.

Vanquished Creatures
  An ogre (D)
1 creature vanquished.

Notes
Turn   | Place    | Note
-------+----------+-------------------------------------------
     0 | D        | Found the +∞ Axe of Woe
     0 | D        | NinjaNoafa the Formicid Fighter began the quest for the
                  | Orb.
     0 | D        | Reached XP level 1. HP: 18/18 MP: 1/1
     2 | D        | Noticed a meat berserker
     4 | D        | Became a worshipper of Makhleb the Destroyer
     5 | D        | Noticed a meat berserker
     5 | D        | Noticed a meat berserker
     5 | D        | Noticed a bag of meat
     6 | D        | Noticed a bag of meat
     6 | D        | Noticed a bag of meat
     6 | D        | Noticed a bag of meat
     6 | D        | Noticed a meat berserker
     6 | D        | Noticed a meat berserker
     7 | D        | Noticed a meat berserker
     8 | D        | Killed a meat berserker
     8 | D        | Annihilated by a meat berserker

Illustrated notes

Levels and vault maps discovered:
D:        meatsprint

Action                   || total
-------------------------++-------
Melee: Executioner's axe ||     1
 Abil: Dig               ||     1

Table legend: (Time is in decaauts)
 A = Elapsed time spent in this place.
 B = Non-inter-level travel time spent in this place.
 C = Inter-level travel time spent in this place.
 D = Time resting spent in this place.
 E = Time spent auto-exploring this place.
 F = Levels seen in this place.
 G = Mean time per level.
                   A        B        C        D        E       F      G
               +--------+--------+--------+--------+--------+-----+--------+
         Total |      7 |      7 |      0 |      0 |      0 |   1 |    7.0 |
       Dungeon |      7 |      7 |      0 |      0 |      0 |   1 |    7.0 |
               +--------+--------+--------+--------+--------+-----+--------+

Top non-repeatable levels by time:
       D: 7 daAuts
